 Dungeon Crawl Stone Soup version 0.28-a0-1002-gf00fe891ef (webtiles) character file.

Game seed: 46980431921003712

61 Umoon the Ducker (level 3, -1/42 HPs)
             Began as a Demonspawn Gladiator on Dec 6, 2021.
             Slain by Edmund (2 damage)
             ... on level 3 of the Dungeon.
             The game lasted 00:03:09 (3250 turns).

Umoon the Ducker (Demonspawn Gladiator)             Turns: 3250, Time: 00:03:11

Health: -1/42      AC: 21    Str: 16    XL:     3   Next: 83%
Magic:  3/3        EV:  2    Int:  9    God:
Gold:   87         SH:  3    Dex: 14    Spells: 2/2 levels left

rFire   . . .      SeeInvis .   i - +2 dagger (drain)
rCold   . . .      Faith    .   p - +0 buckler
rNeg    . . .      Spirit   .   (armour currently unavailable)
rPois   +          Reflect  .   (helmet currently unavailable)
rElec   .          Harm     .   (cloak currently unavailable)
rCorr   .          Rampage  .   (gloves currently unavailable)
Will    .....      NoTele   +   (boots currently unavailable)
Stlth   +.........              (no amulet)
HPRegen 0.14/turn               (no ring)
MPRegen 0.08/turn               (no ring)

@: tree-form
A: stationary, stasis, torment immunity, boosted hp, (icy blue scales 1)
a: no special abilities


You were on level 3 of the Dungeon.
You were a tree.
You visited 1 branch of the dungeon, and saw 4 of its levels.

You collected 87 gold pieces.

Inventory:

Hand Weapons
 i - a +2 dagger of draining (weapon)
Missiles
 c - 3 throwing nets (quivered)
Armour
 a - a +0 leather armour
 b - a +0 helmet (melded)
 j - a +0 ring mail (melded)
 m - a +2 cloak (melded)
 p - a +0 buckler (worn)
Jewellery
 k - a ring of protection from fire
 q - a ring of flight
Scrolls
 d - 2 scrolls of fear {unknown}
 e - a scroll of vulnerability {unknown}
 g - 4 scrolls of noise {unknown}
 l - a scroll of identify {unknown}
 o - 2 scrolls of blinking {unknown}
 r - a scroll of enchant armour {unknown}
 t - a scroll of summoning {unknown}
Potions
 h - a potion of curing
 n - a potion of cancellation {unknown}
 s - a potion of mutation {unknown}


   Skills:
 + Level 2.6 Fighting
 - Level 1.7 Throwing
 + Level 1.3 Armour
 + Level 3.1 Dodging
 + Level 0.6 Shields
 + Level 3.1 Unarmed Combat


You had 2 spell levels left.
You didn't know any spells.
Your spell library was empty.

Dungeon Overview and Level Annotations

Branches:
Dungeon (4/15)
 Temple: D:4-7

Altars:
Dithmenos
Hepliaklqana
Yredelemnul

Shops:
D:3 (

Annotations:
D:3 Edmund


Innate Abilities, Weirdness & Mutations

You are a tree.
Your roots penetrate the ground, keeping you stationary.
You cannot be teleported.
You are immune to unholy pain and torment.
Your maximum health is greatly increased.
Your equipment is partially melded.
((You are partially covered in icy blue scales. (AC +2)))


Message History

The ball python grabs you. The ball python constricts you.
You hit the ball python.
You kill the ball python!
The quokka bites you but does no damage.
Edmund says, "I'm quite good with sums, too."
Edmund closely misses you.
You hit Edmund.
Edmund is lightly wounded.
The quokka misses you.
Edmund hits you with a +1 vorpal dire flail.
You are too injured to fight recklessly!
You are too injured to fight recklessly!
You are too injured to fight recklessly!
You are too injured to fight recklessly!
You are too injured to fight recklessly!
You are too injured to fight recklessly!
You are too injured to fight recklessly!
You are too injured to fight recklessly!
You are too injured to fight recklessly!
The quokka barely misses you.
There is a stone staircase leading up here.
Edmund hits you with a +1 vorpal dire flail!
* * * LOW HITPOINT WARNING * * *
x2 The quokka barely misses you.
You climb upwards.
There is a stone staircase leading down here.
Unknown command.
You hit the quokka.
The quokka is heavily wounded.
Edmund barely misses you. You block the quokka's attack.
It was a potion of curing.
You feel better. The quokka bites you.
Edmund hits you with a +1 vorpal dire flail.
* * * LOW HITPOINT WARNING * * *
x2 It was a potion of lignification.
You turn into a tree.
Your +2 cloak melds into your body.
Your +0 helmet melds into your body.
Your +0 ring mail melds into your body.
Your roots penetrate the ground.
You block the quokka's attack.
Edmund hits you with a +1 vorpal dire flail.
* * * LOW HITPOINT WARNING * * *
You die...

#.#.# #.####.#.# #.#.#
#......#.# #.#.#
########.# #.#.# #.#
#.#.# #.# #.#.# #.#
#.#.# #.# #.#r#
########.# #.#♣#
#.........
####.#@#######.######.#
#...............#......
#.##.#.#######..#.###.#
#.##.#...#......#......
##.##.###.#.####.#####.#
#............# #.# #.#
##..#.####...# #.# #.#
#..#........###.#####.#


You could see Edmund and a quokka.

Vanquished Creatures
  An adder (D:3)
  2 orcs (D:3)
  5 bats
  3 endoplasms (D:1)
  2 giant cockroaches
  2 goblins
  9 hobgoblins
  2 jackals (D:2)
  5 kobolds
  3 quokkas
  5 ball pythons
  3 frilled lizards
  3 rats
45 creatures vanquished.

Notes
Turn   | Place    | Note
-------+----------+-------------------------------------------
     0 | D:1      | Umoon the Demonspawn Gladiator began the quest for the Orb.
     0 | D:1      | Reached XP level 1. HP: 16/16 MP: 1/1
   381 | D:1      | Gained mutation: You are partially covered in icy blue
                  | scales. (AC +2) [demonic ancestry]
   381 | D:1      | Reached XP level 2. HP: 4/22 MP: 2/2
  1443 | D:2      | Reached skill level 1 in Armour
  1675 | D:2      | Reached XP level 3. HP: 27/28 MP: 3/3
  1709 | D:2      | Found a faded altar of an unknown god.
  2714 | D:3      | Found Roineli's Weapon Shop.
  2959 | D:3      | Found a shadowy altar of Dithmenos.
  2962 | D:3      | Found a basalt altar of Yredelemnul.
  2969 | D:3      | Found a hazy altar of Hepliaklqana.
  3236 | D:4      | Noticed Edmund
  3250 | D:3      | HP: 1/42 [Edmund (4)]
  3250 | D:3      | Slain by Edmund

Illustrated notes

Levels and vault maps discovered:
D:1:      minmay_arrival_diagonal_passages, layout_loops_cross
D:2:      layout_basic, basic_ecumenical_altar, minivault_27, chequers_avenue
D:3:      minmay_skewed_foursquare, layout_basic, grunt_temple_overflow_diamond,
          serial_shops, shop
D:4:      layout_rooms, minmay_temple_entry_mist, gammafunk_ghost_gnarly_gnolls,
          uniq_edmund

Skill      XL: |  1  2 |
---------------+-------+-----
Unarmed Combat | 3 |  3.1
Armour         | 1 |  1.3
Dodging        | 3 |  3.1
Fighting       | |  2.6
Throwing       | |  1.7
Shields        | |  0.6

Action                   || total
-------------------------++-------
Melee: Unarmed           ||    84
       Dagger            ||    80
       Punch             ||     2
  Use: Potion            ||     3
Armor: Leather armour    ||    30
       Ring mail         ||    27
Dodge: Dodged            ||   114
Block: Buckler           ||    14

Table legend: (Time is in decaauts)
 A = Elapsed time spent in this place.
 B = Non-inter-level travel time spent in this place.
 C = Inter-level travel time spent in this place.
 D = Time resting spent in this place.
 E = Time spent auto-exploring this place.
 F = Levels seen in this place.
 G = Mean time per level.
                   A        B        C        D        E       F      G
               +--------+--------+--------+--------+--------+-----+--------+
         Total |   3250 |   3171 |     79 |    394 |   2288 |   4 |  812.5 |
       Dungeon |   3250 |   3171 |     79 |    394 |   2288 |   4 |  812.5 |
               +--------+--------+--------+--------+--------+-----+--------+

Top non-repeatable levels by time:
     D:3: 1149 daAuts
     D:2: 1069 daAuts
     D:1: 1019 daAuts
     D:4: 12 daAuts
